Map: Zen LE

Players

JohnnyV - Winner!

  • Race: Terran Terran
  • League: Bronze
  • Spawn Location: 1:00

VOD

Have the link to the VOD?

Description

Time

  • Played on: May 1, 2020, 4:27 p.m.
  • Length: 10:50
Show
View Real Time Build Order
Export as new Build Order

JohnnyV Terran - Winner!

Build Orders:  

Get SALT Encoding   

  12  0:01  SCV  
  13  0:22  Supply Depot  
  13  0:24  SCV  
  14  0:36  Refinery  
  14  0:41  SCV  
  15  0:59  Barracks  
  15  1:04  SCV  
  16  1:21  SCV  
  17  1:38  SCV  
  18  1:55  SCV  
  20  2:11  Supply Depot  
  20  2:13  Reaper  
  20  2:19  Bunker  
  20  2:25  Orbital Command  
  20  2:37  Factory  
  20  2:55  Barracks Reactor  
  20  2:58  Barracks Tech Lab  
  20  3:09  SCV, Refinery  
  21  3:26  Marine  
  22  3:43  SCV  
  23  3:51  Marine, Unknown  
  24  4:03  SCV  
  25  4:16  Factory Reactor  
  25  4:17  Marine  
  26  4:31  Starport  
  26  4:34  Command Center  
  26  4:49  Marauder  
  28  5:03  Widow Mine  
  28  5:14  Supply Depot  
  28  5:18  Supply Depot  
  30  5:20  SCV  
  31  5:34  Widow Mine  
  33  5:55  Barracks Tech Lab  
  36  6:31  Engineering Bay  
  36  6:37  SCV  
  36  6:38  SCV  
  38  6:54  SCV  
  38  6:55  Barracks Tech Lab  
  38  6:57  Barracks  
  39  7:00  Barracks Reactor  
  39  7:12  Unknown  
  39  7:41  Planetary Fortress  
  39  7:45  Terran Infantry Weapons Level 1  
  39  7:51  Widow Mine x2  
  39  7:57  Marine x2  
  41  8:05  Raven  
  47  8:23  Marauder  
  47  8:25  Concussive Shells  
  47  9:08  Refinery  
  47  9:10  Refinery  
  47  9:11  Sensor Tower  
  47  9:29  Marine x2  
  49  9:30  Marauder  
  51  10:11  Marine x2  
  51  10:12  Marauder  
Tags
 
League
Bronze
Matchup
Co-op
Add a new tag
Caveats
  • Supply blocks, unpowered buildings, or Contaminate may cause inaccurate times.
  • Supply counts are checked every 10 seconds.